 Dungeon Crawl Stone Soup version 0.25.1-2-g60ff931df9 (webtiles) character file.

Game seed: 11768549631375870595

352 lepoulpe303 the Shooter (level 6, 0/55 HPs)
             Began as a Draconian Hunter on Oct 2, 2020.
             Was an Initiate of Okawaru.
             Slain by a hound zombie (1 damage)
             ... in an ossuary.
             The game lasted 00:10:42 (4354 turns).

lepoulpe303 the Shooter (Draconian Hunter)          Turns: 4354, Time: 00:10:43

Health: 0/55       AC:  7    Str: 16    XL:     6   Next: 35%
Magic:  7/7        EV: 13    Int: 11    God:    Okawaru [......]
Gold:   179        SH:  0    Dex: 12    Spells: 5/5 levels left

rFire    . . .     SeeInvis .   b - +0 short sword
rCold    . . .     Gourm    .   (no shield)
rNeg     . . .     Faith    .   (armour unavailable)
rPois    .         Spirit   .   (helmet restricted)
rElec    .         Reflect  .   (no cloak)
rCorr    .         Harm     .   c - +0 pair of gloves
MR       .....                  (no boots)
Stlth    +.........             k - amulet of the acrobat
HPRegen  0.18/turn              (no ring)
MPRegen  0.10/turn              (no ring)

@: no status effects
A: unfitting armour, cold-blooded, AC +6
a: Renounce Religion


You were in an ossuary.
You worshipped Okawaru.
Okawaru was noncommittal.
You were not hungry.

You visited 1 branch of the dungeon, and saw 4 of its levels.
You also visited: Ossuary.

You collected 179 gold pieces.

Inventory:

Hand Weapons
 a - a +1 shortbow
 b - a +0 short sword (weapon)
Missiles
 Q - 52 arrows
Armour
 c - a +0 pair of gloves (worn)
Jewellery
 k - an amulet of the acrobat (around neck)
 n - an uncursed ring of poison resistance {unknown}
Scrolls
 f - a scroll of teleportation {unknown}
 g - a scroll of remove curse {unknown}
 m - a scroll of fog {unknown}
 p - a scroll of enchant weapon {unknown}
Potions
 d - a potion of stabbing {unknown}
 i - a potion of curing {unknown}
 j - a potion of degeneration {unknown}
 o - a potion of haste {unknown}
Comestibles
 e - 5 rations


   Skills:
 * Level 4.8 Fighting
 * Level 5.1 Bows
 + Level 3.0 Dodging
 - Level 0.8 Stealth
 * Level 1.5 Invocations


You had 5 spell levels left.
You didn't know any spells.
Your spell library contained the following spells:

 Spells                   Type           Power        Failure   Level  Hunger
 Bolt of Magma            Conj/Fire/Erth #.........   100%        5    ######.
 Iskenderun's Battlesphe  Conj/Chrm      #.......     100%        5    ######.
 Iron Shot                Conj/Erth      #.........   100%        6    #######
 Orb of Destruction       Conj           #.........   100%        7    #######
 Spellforged Servitor     Conj/Summ      #.........   100%        7    #######


Dungeon Overview and Level Annotations

Branches:
Dungeon (4/15)            Ossuary (1/1)
 Temple: D:4-7

Altars:
Okawaru
Zin


Innate Abilities, Weirdness & Mutations

Your plain brown scales are hard. (AC +6)
You cannot fit into any form of body armour.
You are cold-blooded and may be slowed by cold attacks.


Message History

The hound zombie closely misses you. x2
The adder zombie completely misses you. The orc zombie closely misses you.
The adder zombie bites you.
* * * LOW HITPOINT WARNING * * *
The adder zombie misses you. The adder zombie bites you.
* * * LOW HITPOINT WARNING * * *
You take 3 damage, and have 6/55 hp.
Unknown command.
You hit the adder zombie but do no damage.
The hound zombie completely misses you. The hound zombie closely misses you.
The hound zombie bites you but does no damage.
The adder zombie closely misses you. The adder zombie bites you.
* * * LOW HITPOINT WARNING * * *
The adder zombie closely misses you. The adder zombie misses you.
The hound zombie misses you.
The orc zombie hits you but does no damage.
The hound zombie bites you.
* * * LOW HITPOINT WARNING * * *
The hound zombie bites you.
You die...

...(...........
...............
....(..........
....(..........
...............
.......Z.......
......ZZZ......
.....ZZ@Z......
......ZZZ......
.......Z.......
...............
...............
...............
...............
...............


You could see 5 adder zombies, a rat zombie, 3 hound zombies and 2 orc zombies.

Levels and vault maps discovered:
D:1:      dpeg_arrival_round_a, layout_rooms
D:2:      layout_loops_ring
D:3:      layout_basic, fountainhead, okawaru_altar_gauntlet_db, uniq_robin
D:4:      layout_loops_cross, lemuel_round_altar, lemuel_round_altar,
          chequers_ossuary_entry_cave, chequers_serial_rivers_micro_e
Ossuary:  ossuary_minmay_tomb_2a

Notes
Turn   | Place    | Note
-------+----------+-------------------------------------------
     0 | D:1      | lepoulpe303 the Draconian Hunter began the quest for the
                  | Orb.
     0 | D:1      | Reached XP level 1. HP: 17/17 MP: 1/1
    24 | D:1      | Identified a +0 short sword
   217 | D:1      | Identified a +0 club
   425 | D:1      | Identified a +0 whip
   430 | D:1      | Reached XP level 2. HP: 25/25 MP: 2/2
   447 | D:1      | Reached skill level 2 in Dodging
  1104 | D:1      | Identified a +0 pair of gloves (You found it on level 1 of
                  | the Dungeon)
  1115 | D:2      | Identified a +1 shortbow
  1132 | D:1      | Reached skill level 4 in Bows
  1266 | D:2      | Reached skill level 3 in Fighting
  1266 | D:2      | Reached XP level 3. HP: 31/31 MP: 3/3
  1674 | D:2      | Reached XP level 4. HP: 34/38 MP: 4/4
  1721 | D:2      | Identified a +0 club
  2028 | D:3      | Identified a +0 club
  2032 | D:3      | Identified a +0 club
  2032 | D:3      | Identified a +0 ring mail
  2037 | D:3      | Identified a +0 short sword
  2037 | D:3      | Identified a +0 leather armour
  2038 | D:3      | Identified a +1 mace of holy wrath
  2038 | D:3      | Identified a +0 leather armour
  2057 | D:3      | Identified a +0 morningstar
  2216 | D:3      | Identified a +0 club
  2325 | D:3      | Identified a +0 club
  2457 | D:3      | Identified a +0 trident
  2457 | D:3      | Identified a +0 leather armour
  2457 | D:3      | Identified a +0 trident
  2458 | D:3      | Identified a +0 club
  2458 | D:3      | Identified a +0 leather armour
  2480 | D:3      | Identified a +0 dagger
  2481 | D:3      | Identified a +0 whip
  2481 | D:3      | Identified a +0 ring mail
  2752 | D:3      | Identified a +0 club
  2752 | D:3      | Identified a cursed -1 club
  2752 | D:3      | Identified a +0 hunting sling
  2752 | D:3      | Identified a +0 club
  2752 | D:3      | Identified a +0 club
  2760 | D:3      | Identified a +0 dagger
  2771 | D:3      | Identified a +0 spear
  2771 | D:3      | Identified a +0 animal skin
  2771 | D:3      | Identified a +0 helmet
  2771 | D:3      | Noticed Robin
  2951 | D:3      | Killed Robin
  2951 | D:3      | Reached skill level 4 in Fighting
  2951 | D:3      | Reached XP level 5. HP: 46/46 MP: 5/5
  2956 | D:3      | Identified a +0 dagger
  2960 | D:3      | Identified a +0 club
  2962 | D:3      | Identified a +0 club
  3014 | D:3      | Identified a +0 club
  3417 | D:3      | Found an iron altar of Okawaru.
  3499 | D:3      | Became a worshipper of Warmaster Okawaru
  3976 | D:3      | Identified 2 scrolls of identify
  3976 | D:3      | Identified an amulet of inaccuracy (You found it on level 3
                  | of the Dungeon)
  3978 | D:3      | Identified an amulet of the acrobat (You found it on level
                  | 2 of the Dungeon)
  4078 | D:4      | Identified a cursed -3 giant club
  4078 | D:4      | Noticed an ogre
  4086 | D:4      | Killed an ogre
  4086 | D:4      | Reached skill level 5 in Bows
  4086 | D:4      | Reached skill level 1 in Invocations
  4086 | D:4      | Reached XP level 6. HP: 52/53 MP: 6/6
  4138 | D:4      | Reached skill level 3 in Dodging
  4139 | D:4      | HP: 13/55 [poisoned by a scorpion]
  4144 | D:4      | HP: 9/55 [poisoned by a scorpion]
  4149 | D:4      | HP: 6/55 [poisoned by a scorpion]
  4155 | D:4      | HP: 4/55 [poisoned by a scorpion]
  4161 | D:4      | HP: 3/55 [poisoned by a scorpion]
  4169 | D:4      | HP: 3/55 [poisoned by a scorpion]
  4171 | D:4      | Identified a potion of lignification
  4174 | D:4      | HP: 3/82 [poisoned by a scorpion]
  4285 | D:4      | Found a glowing silver altar of Zin.
  4332 | D:4      | Identified a +0 falchion
  4332 | D:4      | Identified a +0 ring mail
  4333 | D:4      | Identified a +0 club
  4337 | D:4      | Found a sand-covered staircase.
  4344 | Ossuary  | Entered an ossuary
  4351 | Ossuary  | HP: 13/55 [hound zombie (4)]
  4353 | Ossuary  | HP: 6/55 [adder zombie (2)]
  4354 | Ossuary  | HP: 1/55 [hound zombie (2)]
  4354 | Ossuary  | Slain by a hound zombie

Table legend:
 A = Turns spent in this place as a percentage of turns spent in the entire game.
 B = Non-inter-level travel turns spent in this place as a percentage of non-inter-level travel turns spent in the entire game.
 C = Inter-level travel turns spent in this place as a percentage of turns spent in this place.
 D = Turns resting spent in this place as a percentage of non-inter-level travel turns spent in this place.
 E = Turns spent auto-exploring this place as a percentage of non-inter-level travel turns spent in this place.
 F = Non-inter-level travel turns spent in this place divided by the number of levels of this place that you've seen.
                   A       B       C       D       E      F
               +-------+-------+-------+-------+-------+----------------------
         Total | 100.0 | 100.0 |   4.9 |  14.9 |  63.1 | 828.0
       Dungeon |  99.8 |  99.8 |   4.9 |  15.0 |  63.3 | 1032.5
       Ossuary |   0.2 |   0.2 |   0.0 |   0.0 |   0.0 |  10.0
               +-------+-------+-------+-------+-------+----------------------

Table legend:
 A = Kills in this place as a percentage of kills in entire the game.
 B = Kills by you in this place as a percentage of kills by you in the entire game.
 C = Kills by friends in this place as a percentage of kills by friends in the entire game.
 D = Other kills in this place as a percentage of other kills in the entire game.
 E = Experience gained in this place as a percentage of experience gained in the entire game.
 F = Experience gained in this place divided by the number of levels of this place that you have seen.
                   A       B       C       D       E      F
               +-------+-------+-------+-------+-------+----------------------
         Total | 100.0 | 100.0 |   N/A |   N/A | 100.0 | 100.8
       Dungeon |  98.6 |  98.6 |   N/A |   N/A |  99.8 | 125.8
       Ossuary |   1.4 |   1.4 |   N/A |   N/A |   0.2 |   1.0
               +-------+-------+-------+-------+-------+----------------------

Skill      XL: |  1  2  3  4  5  6 |
---------------+-------------------+-----
Dodging        | 2 3 |  3.0
Bows           | 4 5 |  5.1
Fighting       | 3 4 |  4.8
Invocations    | 1 |  1.5
Stealth        | |  0.8

Action                   |  1- 3 |  4- 6 || total
-------------------------+-------+-------++-------
Melee: Short sword       |   123 |   162 ||   285
       Tailslap          |     9 |    20 ||    29
 Fire: Shortbow          |    16 |    63 ||    79
  Use: Scroll            |       |     2 ||     2
       Potion            |       |     1 ||     1
 Stab: Sleeping          |       |     1 ||     1
  Eat: Chunk             |     2 |     9 ||    11
Armor: Skin              |    48 |    86 ||   134
Dodge: Dodged            |    96 |   161 ||   257

Vanquished Creatures
  An ogre (D:4)
  A scorpion (D:4)
  2 orc priests (D:3)
  Robin (D:3)
  A gnoll (D:3)
  7 adders
  An ooze (D:4)
  A worm (D:2)
  A dart slug (D:1)
  2 leopard geckos
  10 orcs
  4 bats
  4 giant cockroaches
  8 goblins
  10 hobgoblins
  3 jackals (D:2)
  4 frilled lizards
  A goblin zombie (Ossuary)
  5 kobolds
  A leopard gecko skeleton (D:4)
  2 rats (D:1)
70 creatures vanquished.
